 Dungeon Crawl Stone Soup version 0.17.0-57-g0e89251 (webtiles) character file.

380 PossumBlood the Chopper (level 6, -5/56 HPs)
             Began as a Minotaur Fighter on Dec 7, 2015.
             Was an Initiate of Okawaru.
             Slain by an ogre
             ... wielding a +0 giant club
              (16 damage)
             ... on level 4 of the Dungeon.
             The game lasted 00:07:47 (3361 turns).

PossumBlood the Chopper (Minotaur Fighter)          Turns: 3361, Time: 00:07:47

Health: -5/56      AC: 13    Str: 22    XL:     6   Next: 46%
Magic:  14/14      EV:  4    Int:  5    God:    Okawaru [......]
Gold:   300        SH: 10    Dex: 12    Spells: 0 memorised, 5 levels left

rFire  . . .     SeeInvis .     a - +1 war axe
rCold  + . .     Clarity  .     l - +1 plate armour
rNeg   . . .     SustAt   .     c - +0 shield
rPois  .         Gourm    .     (helmet restricted)
rElec  .         Spirit   .     (no cloak)
rCorr  .         Warding  .     (no gloves)
rMut   .         Stasis   .     (no boots)
MR     .....                    u - amulet of regeneration
Stlth  ..........               n - ring of magical power
                                t - ring of protection from cold

@: not resistant to hostile enchantments, extremely unstealthy
A: retaliatory headbutt, horns 2, agile 1, blurry vision 1, wild magic 1
a: Renounce Religion


You were on level 4 of the Dungeon.
You worshipped Okawaru.
Okawaru was noncommittal.
You were not hungry.

You visited 2 branches of the dungeon, and saw 5 of its levels.

You collected 300 gold pieces.

Inventory:

Hand Weapons
 a - a +1 war axe (weapon)
 i - a cursed -1 mace
 o - a +1 spear of distortion
Missiles
 j - 2 tomahawks of returning (quivered)
Armour
 c - a +0 shield (worn)
 l - a +1 plate armour (worn)
Jewellery
 n - a ring of magical power (right hand)
 t - a ring of protection from cold (left hand)
 u - an amulet of regeneration (around neck)
Wands
 s - a wand of magic darts (24)
Scrolls
 b - 2 scrolls of teleportation
 g - 2 scrolls of recharging
 h - 3 scrolls of identify
 k - 2 scrolls of enchant weapon
 q - a scroll of magic mapping
 w - a scroll of remove curse
Potions
 d - a potion of might
 m - 2 potions of brilliance
 r - a potion of magic
Books
 v - a book of Annihilations

   Spells                             Type                      Level
   a - Poison Arrow                   Conjuration/Poison           6
   b - Chain Lightning                Conjuration/Air              8
   c - Lehudib's Crystal Spear        Conjuration/Earth            8
   d - Glaciate                       Conjuration/Ice              9
   e - Fire Storm                     Conjuration/Fire             9
Comestibles
 e - a bread ration
 f - 7 meat rations
 p - a slice of pizza


   Skills:
 + Level 5.2 Fighting
 * Level 5.5 Axes
 + Level 5.0 Armour
 + Level 5.0 Shields


You had 5 spell levels left.
You didn't know any spells.

Dungeon Overview and Level Annotations

Branches:
Dungeon (4/15)             Temple (1/1) D:4

Altars:
Ashenzari
Cheibriados
Dithmenos
Elyvilon
Fedhas
Gozag
Kikubaaqudgha
Makhleb
Nemelex Xobeh
Okawaru
Qazlal
Sif Muna
Trog
Vehumet
Xom
Yredelemnul
Zin
The Shining One


Innate Abilities, Weirdness & Mutations

You reflexively headbutt those who attack you in melee.
You have a pair of horns on your head.
You are agile. (Dex +2)
Scrolls take you a little longer to read.
Your spells are a little harder to cast, but a little more powerful.


Message History

You headbutt the ogre, but do no damage.
The ogre is heavily wounded.
The ogre hits you with a giant club!!
You slash the ogre!
The ogre is severely wounded.
The ogre hits you but does no damage.
You hit the ogre but do no damage.
The ogre is severely wounded.
The ogre hits you with a giant club.
You hit the ogre but do no damage.
The ogre is severely wounded.
The ogre hits you with a giant club!
* * * LOW HITPOINT WARNING * * *
Drink which item? (? for menu, Esc to quit)
Okay, then.
Your shield and plate armour prevent you from hitting the ogre.
You headbutt the ogre.
The ogre is almost dead.
The ogre hits you with a giant club!
You die...

##+# ##...##
##.....##
##.......##
.##......O..#
........@..+
#.........#
#........##
#.#.....## #
##...## #.
##'## ###.
#.#
....###.#####
#........#


You could see an ogre.

Vanquished Creatures
  An ogre (D:4)
  An orc priest (D:3)
  An orc wizard (D:3)
  2 worker ants
  6 adders
  3 gnolls (D:4)
  An ooze (D:3)
  2 worms (D:2)
  3 giant geckos
  10 orcs (D:3)
  3 ball pythons
  4 giant cockroaches
  15 hobgoblins
  3 jackals (D:3)
  2 quokkas
  10 bats
  A giant cockroach zombie (D:4)
  A giant gecko skeleton (D:4)
  2 giant newts
  8 goblins
  7 kobolds
  6 rats
92 creatures vanquished.

Notes
Turn   | Place    | Note
--------------------------------------------------------------
     0 | D:1      | PossumBlood the Minotaur Fighter began the quest for the Orb.
     0 | D:1      | Reached XP level 1. HP: 19/19 MP: 0/0
   115 | D:1      | Reached XP level 2. HP: 24/27 MP: 1/1
   414 | D:1      | Reached skill level 4 in Fighting
   836 | D:2      | Reached XP level 3. HP: 33/33 MP: 2/2
   842 | D:2      | Found a faded altar to an unknown god.
   923 | D:2      | Found a snail-covered altar of Cheibriados.
   934 | D:2      | Found a deep blue altar of Sif Muna.
   966 | D:2      | Reached XP level 4. HP: 14/41 MP: 3/3
  1590 | D:2      | Found a basalt altar of Yredelemnul.
  1590 | D:2      | Found an ancient bone altar of Kikubaaqudgha.
  1595 | D:2      | Found a bloodstained altar of Trog.
  1597 | D:2      | Found a radiant altar of Vehumet.
  1741 | D:3      | Gained mutation: Your spells are a little harder to cast, but a little more powerful. [potion of mutation]
  1741 | D:3      | Gained mutation: You are agile. (Dex +2) [potion of mutation]
  1741 | D:3      | Gained mutation: Scrolls take you a little longer to read. [potion of mutation]
  1767 | D:3      | Reached XP level 5. HP: 37/47 MP: 4/4
  2031 | D:3      | Found a glowing golden altar of the Shining One.
  2674 | D:3      | Reached skill level 5 in Axes
  2797 | D:4      | Noticed an ogre
  2801 | D:4      | Reached skill level 5 in Fighting
  2804 | D:4      | Reached XP level 6. HP: 40/56 MP: 5/5
  2806 | D:4      | Killed an ogre
  2806 | D:4      | Reached skill level 5 in Armour
  2806 | D:4      | Reached skill level 5 in Shields
  2826 | D:4      | Found a staircase to the Ecumenical Temple.
  2831 | Temple   | Entered the Ecumenical Temple
  2977 | Temple   | Became a worshipper of Warmaster Okawaru
  3350 | D:4      | Noticed an ogre
  3361 | D:4      | Slain by an ogre

Action                   |  1- 3 |  4- 6 || total
-------------------------+-------+-------++-------
Melee: War axe           |    73 |   133 ||   206
  Use: Scroll            |       |    10 ||    10
       Potion            |       |     5 ||     5
  Eat: Bread ration      |       |     2 ||     2
       Fruit             |       |     2 ||     2
